 Dungeon Crawl Stone Soup version 0.31-a0-360-gb3e1d13bf4 (webtiles) character file.

Game seed: 11704183302810220542

13 Gelion the Changeling (level 2, -2/18 HPs)
             Began as an Octopode Shapeshifter on July 27, 2023.
             Slain by a quokka (3 damage)
             ... on level 1 of the Dungeon.
             The game lasted 00:00:48 (152 turns).

Gelion the Changeling (Octopode Shapeshifter)        Turns: 152, Time: 00:00:48

Health: -2/18      AC:  1    Str: 14    XL:     2   Next: 37%
Magic:  2/2        EV: 13    Int: 10    God:
Gold:   16         SH:  0    Dex: 12    Spells: 1/1 levels left

rFire   . . .        c - +0 dagger
rCold   . . .        (no shield)
rNeg    . . .        (helmet currently unavailable)
rPois   .            (no amulet)
rElec   .            (no ring)
rCorr   .            (no ring)
SInv    .            (no ring)
Will    .....        (no ring)
Stlth   ++           (no ring)
HPRegen 0.23/turn    (no ring)
MPRegen 0.08/turn    (no ring)
                     (no ring)

%: no passive effects
@: beast-form
A: beast (slay +2), almost no armour, amphibious, 8 rings, camouflage 1,
gelatinous body 1, (nimble swimmer 1), tentacles
a: Begin Untransformation


You were on level 1 of the Dungeon.
You were a hulking beast.
You visited 1 branch of the dungeon, and saw 1 of its levels.

You collected 16 gold pieces.

Inventory:

Hand Weapons
 c - a +0 dagger (weapon)
Talismans
 b - a beast talisman
Scrolls
 d - a scroll of summoning {unknown}
 e - a scroll of enchant weapon {unknown}
Potions
 a - a potion of lignification


   Skills:
 + Level 1.3 Fighting
 + Level 0.6 Long Blades
 + Level 2.2 Dodging
 - Level 3.0 Unarmed Combat
 * Level 3.2 Shapeshifting


You had one spell level left.
You didn't know any spells.
Your spell library was empty.

Dungeon Overview and Level Annotations

Branches:
Dungeon (1/15)

Altars:


Innate Abilities, Weirdness & Mutations

You are a hulking beast.
Your limbs bulge with bestial killing power. (Slay +2)
You cannot wear most types of armour.
You are amphibious.
You can wear up to eight rings at the same time.
Your skin changes colour to match your surroundings (Stealth+).
Your rubbery body absorbs attacks. (AC +1, EV +1)
((You are camouflaged when in or above water. (Stealth+)))
You have tentacles for arms and can constrict up to eight enemies at once.


Message History

A ball python comes into view.
The endoplasm freezes you.
You are frozen.
A goblin comes into view. It is wielding a +0 club.
You are too injured to fight recklessly!
You are too injured to fight recklessly!
You are too injured to fight recklessly!
Unknown command.
You are too injured to fight recklessly!
You hit the endoplasm.
You kill the endoplasm!
The hobgoblin closely misses you.
You hit the hobgoblin. You grab the hobgoblin.
You squeeze the hobgoblin, but do no damage.
The hobgoblin is severely wounded.
You constrict the hobgoblin.
A quokka comes into view.
The hobgoblin hits you.
You hit the hobgoblin.
You kill the hobgoblin!
You closely miss the ball python. You grab the ball python.
You constrict the ball python. The ball python closely misses you.
The ball python barely misses you.
You hit the ball python. You squeeze the ball python.
You kill the ball python!
The quokka misses you.
You see here a +0 dagger.
The quokka attacks as you move away! The quokka closely misses you.
The goblin attacks as you move away! The goblin barely misses you.
The quokka attacks as you move away! The quokka bites you.
The quokka completely misses you. The goblin attacks as you move away!
The goblin hits you with a +0 club. The quokka attacks as you move away!
The quokka bites you.
* * * LOW HITPOINT WARNING * * *
The quokka closely misses you.
You completely miss the quokka. Your grab misses the quokka.
The quokka bites you.
* * * LOW HITPOINT WARNING * * *
You miss the quokka. Your grab misses the quokka. The quokka bites you.
You die...

.........# .........# ..
.........# #. .........#
.. .........# ### ##. ###
.........# ...... ##<##
†..†.....# #.#.###...###
.........# #...#...≈...#
.........# #h#.8.≈.8.#
.........# #r#...≈...#
.........###+###g#.8.≈"8.#
.........).......#...≈...#
......##†........#.8.≈.8.#
##....##.........#...≈...#
#....##........##.8.≈.8.#
#....##.....>..##...≈...#
#....##........##.8.≈.8.#


You could see a quokka and a goblin.

Vanquished Creatures
  A ball python (D:1)
  2 bats (D:1)
  An endoplasm (D:1)
  2 goblins (D:1)
  A hobgoblin (D:1)
  2 jackals (D:1)
  2 rats (D:1)
11 creatures vanquished.

Notes
Turn   | Place    | Note
-------+----------+-------------------------------------------
     0 | D:1      | Gelion the Octopode Shapeshifter began the quest for the
                  | Orb.
     0 | D:1      | Reached XP level 1. HP: 13/13 MP: 1/1
    68 | D:1      | Reached XP level 2. HP: 18/18 MP: 2/2
   152 | D:1      | Slain by a quokka

Illustrated notes

Levels and vault maps discovered:
D:1:      mainiacjoe_arrival_reflecting_pool, layout_basic,
          ebering_ecumenical_altar_ruins, chequers_serial_rivers_micro_c,
          nicolae_figureground_sparkle

Action                     || total
---------------------------++-------
  Melee: Dagger            ||    15
         Unarmed           ||     5
         Constrict         ||     3
         Tentacles         ||     3
   Stab: Sleeping          ||     1
 Armour: Skin              ||     3
  Dodge: Dodged            ||    15

Table legend: (Time is in decaauts)
 A = Elapsed time spent in this place.
 B = Non-inter-level travel time spent in this place.
 C = Inter-level travel time spent in this place.
 D = Time resting spent in this place.
 E = Time spent auto-exploring this place.
 F = Levels seen in this place.
 G = Mean time per level.
                   A        B        C        D        E       F      G
               +--------+--------+--------+--------+--------+-----+--------+
         Total |    151 |    151 |      0 |      0 |     69 |   1 |  151.0 |
       Dungeon |    151 |    151 |      0 |      0 |     69 |   1 |  151.0 |
               +--------+--------+--------+--------+--------+-----+--------+

Top non-repeatable levels by time:
     D:1: 151 daAuts
